 Dungeon Sprint DCSS version 0.28.0-43-g3370ac3207 (webtiles) character file.

Game seed: 3368100974311633644

12320 boopmooplesden the Warrior (level 11, -25/122 HPs)
             Began as a Minotaur Berserker on Mar 22, 2022.
             Was the Champion of Trog.
             Annihilated by an azure jelly (27 damage)
             ... in the Dungeon (Sprint III: "The Ten Rune Challenge").
             The game lasted 00:08:38 (3274 turns).

boopmooplesden the Warrior (Minotaur Berserker)     Turns: 3274, Time: 00:08:40

Health: -25/122    AC:  6    Str: 25    XL:     11   Next: 60%
Magic:  10/10      EV: 17    Int:  4    God:    Trog [******]
Gold:   1386       SH:  0    Dex: 13    Spells: 10/10 levels left

rFire   . . .      SeeInvis .   w - +2 glaive (flame)
rCold   . . .      Faith    .   (shield currently unavailable)
rNeg    . . .      Spirit   .   y - +1 leather armour {rPois}
rPois   +          Reflect  .   (helmet unavailable)
rElec   .          Harm     .   l - +0 cloak
rCorr   .          Rampage  .   (no gloves)
Will    .....      NoTele   +   (no boots)
Stlth   +.........              (no amulet)
HPRegen 0.30/turn               (no ring)
MPRegen 0.12/turn               (no ring)

@: on berserk cooldown, contaminated, slowed, glowing, very slow
A: horns 3, retaliatory headbutt, strong 1
a: Renounce Religion, Berserk, Trog's Hand, Brothers in Arms


You were in the Dungeon.
You worshipped Trog.
Trog was exalted by your worship.
You visited 1 branch You collected 1386 gold pieces.

Inventory:

Hand Weapons
 a - a +0 spear
 c - a +5 lajatang
 d - a +3 vorpal glaive
 e - a +4 glaive
 k - a +3 quarterstaff of chaos
 q - a +1 long sword of holy wrath
 t - a +4 trident
 u - the +8 quarterstaff of Grandeur {vorpal, Contam rF+ rC+ Dex+5}
   (Trog gifted it to you in the Dungeon)

   It inflicts extra damage upon your enemies.
   Dex:       It affects your dexterity (+5).
   rF:        It protects you from fire.
   rC:        It protects you from cold.
   Contam:    It causes magical contamination when unequipped.
 w - a +2 glaive of flaming (weapon)
Armour
 l - a +0 cloak (worn)
 v - a +2 hat of willpower
 y - a +1 leather armour of poison resistance (worn)
Wands
 j - a wand of flame (21)
Scrolls
 i - 4 scrolls of identify
 m - a scroll of immolation
Potions
 f - 2 potions of magic
 g - 2 potions of berserk rage
 h - a potion of attraction {unknown}
 n - a potion of lignification {unknown}
 o - 3 potions of flight
 p - 4 potions of mutation
 x - a potion of degeneration {unknown}
 z - a potion of heal wounds
Miscellaneous
 s - a phial of floods


   Skills:
 + Level 19.0 Fighting
 + Level 13.0(17.2) Polearms
 + Level 18.1(19.7) Staves
 + Level 10.1 Armour
 + Level 12.5 Dodging
 + Level 6.1 Stealth
 + Level 5.7 Evocations


You had 10 spell levels left.
You didn't know any spells.
Your spell library was empty.

Dungeon Overview and Level Annotations

Branches:
Dungeon (1/1)

Altars:
Cheibriados
Dithmenos
Elyvilon
Fedhas
Gozag
Hepliaklqana
Kikubaaqudgha
Makhleb
Nemelex Xobeh
Okawaru
Qazlal
Ru
Sif Muna
Trog
Uskayaw
Vehumet
Wu Jian
Xom
Yredelemnul
Zin
The Shining One
Beogh
Jiyva
Lugonu

Shops:
D !

Annotations:
D Donald, Frances


Innate Abilities, Weirdness & Mutations

You have a pair of large horns on your head.
You reflexively headbutt those who attack you in melee.
Your muscles are strong. (Str +2)


Message History

The azure jelly hits you. The azure jelly freezes you!!
* * * LOW HITPOINT WARNING * * *
The azure jelly hits you!
* * * LOW HITPOINT WARNING * * *
The azure jelly barely misses you.
Okay, then.
Your stone giant goes berserk!
The azure jelly hits your stone giant but does no damage.
The azure jelly hits your stone giant.
The azure jelly freezes your stone giant!!
The azure jelly hits your stone giant but does no damage. x2
The azure jelly completely misses you. x2; The azure jelly hits you.
* * * LOW HITPOINT WARNING * * *
The azure jelly completely misses you. The azure jelly hits your stone giant.
The azure jelly freezes your stone giant!!!
The azure jelly hits your stone giant but does no damage. x3
The azure jelly hits your stone giant but does no damage.
The azure jelly hits your stone giant.
The azure jelly freezes your stone giant!!
The azure jelly hits your stone giant but does no damage.
The azure jelly completely misses your stone giant.
Your stone giant hits the azure jelly!
The azure jelly misses you. You furiously retaliate!
You headbutt the azure jelly!! The azure jelly misses you.
The azure jelly completely misses you.
The azure jelly hits you but does no damage.
The azure jelly hits your stone giant.
The azure jelly freezes your stone giant!!
The azure jelly hits your stone giant.
Your stone giant dies!
Your stone giant's corpse disappears in a puff of smoke!
You're still recovering from your berserk rage.
Unknown command.
Okay, then.
You closely miss the azure jelly.
The azure jelly is heavily wounded.
The azure jelly completely misses you. You furiously retaliate!
You headbutt the azure jelly! The azure jelly hits you.
* * * LOW HITPOINT WARNING * * *
The azure jelly freezes you!!
You die...

#..# #.. ####....#___#
▓▓▓▓▓▓▓▓▓▓▓▓▓▓▓▓▓▓▓▓▓▓
▓..÷'≈≈≈.≈≈§≈≈♣♣.....♣
▓..÷#.≈≈≈≈§≈≈≈♣♣.≈≈≈≈'
▓.P.#≈≈≈≈§.§≈≈††.....#
▓...#≈≈§≈≈≈§≈.♣♣♣♣♣♣♣#
▓...#≈≈≈≈≈≈≈≈≈♣ #
▓##§####+#######♣
▓.JJJ@.....[....♣
▓#J#############+
▓...# ▓..J+ ▓...#
▓...# #+###


You could see 4 azure jellies.

Vanquished Creatures
  Rupert (D)
  Gastronok (D)
  2 dire elephants (D)
  Erolcha (D)
  A deep elf pyromancer (D)
  2 elephants (D)
  2 cane toads (D)
  A rime drake (D)
  A komodo dragon (D)
  A queen bee (D)
  5 blink frogs (D)
  A shadow (D)
  2 redbacks (D)
  A spatial vortex (D)
  A swamp drake (D)
  3 wandering mushrooms (D)
  A necrophage (D)
  5 two-headed ogres (D)
  A water elemental (D)
  30 killer bees (D)
  A jelly (D)
  Crazy Yiuf (D)
  Jessica (D)
  A wizard (D)
  A necromancer (D)
  A kobold demonologist (D)
  3 humans (D)
  2 orcs (D)
  3 rats (D)
77 creatures vanquished.

Vanquished Creatures (collateral kills)
  An orc sorcerer (D)
  2 orc warriors (D)
  2 killer bees (D)
  5 orc priests (D)
  3 orc wizards (D)
  5 orcs (D)
18 creatures vanquished.

Vanquished Creatures (others)
  3 plants (D)
3 creatures vanquished.

Grand Total: 98 creatures vanquished

Notes
Turn   | Place    | Note
-------+----------+-------------------------------------------
     0 | D        | boopmooplesden the Minotaur Berserker began the quest for
                  | the Orb.
     0 | D        | Reached XP level 1. HP: 19/19 MP: 0/0
    13 | D        | Reached skill level 4 in Fighting
    28 | D        | Reached ** piety under Trog
    31 | D        | Noticed Jessica
    38 | D        | Killed Jessica
    39 | D        | Reached skill level 5 in Fighting
    39 | D        | Reached skill level 5 in Polearms
    39 | D        | Reached XP level 2. HP: 24/30 MP: 1/1
    98 | D        | Noticed Crazy Yiuf
   108 | D        | Reached skill level 6 in Fighting
   108 | D        | Reached XP level 3. HP: 37/37 MP: 2/2
   111 | D        | Killed Crazy Yiuf
   112 | D        | Reached skill level 7 in Fighting
   112 | D        | Reached XP level 4. HP: 26/47 MP: 3/3
   294 | D        | Gained mutation: Your muscles are strong. (Str +2) [potion
                  | of mutation]
   294 | D        | Gained mutation: You have a pair of large horns on your
                  | head. [potion of mutation]
   302 | D        | Noticed a water elemental
   308 | D        | Killed a water elemental
   308 | D        | Reached *** piety under Trog
   309 | D        | Reached skill level 8 in Fighting
   309 | D        | Reached skill level 1 in Staves
   509 | D        | Found a radiant altar of Vehumet.
   509 | D        | Found a shimmering blue altar of Sif Muna.
   509 | D        | Found an ancient bone altar of Kikubaaqudgha.
   509 | D        | Noticed a wizard
   511 | D        | Killed a wizard
   512 | D        | Reached XP level 5. HP: 56/56 MP: 4/4
   558 | D        | Found a glowing silver altar of Zin.
   558 | D        | Found a glowing golden altar of the Shining One.
   558 | D        | Found a white marble altar of Elyvilon.
   558 | D        | Noticed a deep elf pyromancer
   562 | D        | Killed a deep elf pyromancer
   562 | D        | Reached **** piety under Trog
   563 | D        | Reached skill level 11 in Fighting
   563 | D        | Reached skill level 5 in Staves
   563 | D        | Reached skill level 5 in Dodging
   563 | D        | Reached XP level 6. HP: 53/68 MP: 5/5
   563 | D        | Reached XP level 7. HP: 58/74 MP: 6/6
   715 | D        | Found a hide-covered altar of Uskayaw.
   715 | D        | Found an iron altar of Okawaru.
   715 | D        | Found a bloodstained altar of Trog.
   715 | D        | Found an ornate altar of the Wu Jian Council.
   715 | D        | Noticed a human
   715 | D        | Noticed a human
   720 | D        | Killed a human
   721 | D        | Reached skill level 1 in Stealth
   726 | D        | Killed a human
   727 | D        | Reached skill level 12 in Fighting
   845 | D        | Found a basalt altar of Yredelemnul.
   845 | D        | Found a shadowy altar of Dithmenos.
   845 | D        | Found a sacrificial altar of Ru.
   852 | D        | Reached ***** piety under Trog
   860 | D        | Noticed a shadow
   864 | D        | Reached XP level 8. HP: 82/85 MP: 7/7
   872 | D        | Found a blossoming altar of Fedhas.
   872 | D        | Found a stormy altar of Qazlal.
   872 | D        | Found a snail-covered altar of Cheibriados.
   872 | D        | Found a burning altar of Makhleb.
   872 | D        | Found a shimmering altar of Xom.
   873 | D        | Found a hazy altar of Hepliaklqana.
   873 | D        | Found an opulent altar of Gozag.
   873 | D        | Found a sparkling altar of Nemelex Xobeh.
   873 | D        | Found a corrupted altar of Lugonu.
   873 | D        | Found a viscous altar of Jiyva.
   890 | D        | Reached skill level 13 in Fighting
   947 | D        | Noticed a two-headed ogre
   964 | D        | Killed a two-headed ogre
   965 | D        | Reached skill level 10 in Staves
  1109 | D        | Noticed a two-headed ogre
  1109 | D        | Noticed Erolcha
  1116 | D        | Killed Erolcha
  1117 | D        | Reached skill level 14 in Fighting
  1117 | D        | Reached skill level 1 in Evocations
  1117 | D        | Reached XP level 9. HP: 95/95 MP: 8/8
  1120 | D        | Killed a two-headed ogre
  1184 | D        | Found Ydomye's Distillery.
  1186 | D        | Noticed an orc sorcerer
  1192 | D        | Received a gift from Trog
  1196 | D        | Reached ****** piety under Trog
  1198 | D        | Killed an orc sorcerer
  1198 | D        | Received a gift from Trog
  1203 | D        | Received a gift from Trog
  1306 | D        | Reached skill level 15 in Fighting
  1530 | D        | Noticed Donald
  1530 | D        | Noticed Frances
  1542 | D        | Noticed a queen bee
  1546 | D        | Killed a queen bee
  1547 | D        | Reached skill level 15 in Staves
  1547 | D        | Reached XP level 10. HP: 105/105 MP: 9/9
  1554 | D        | Reached skill level 5 in Stealth
  1555 | D        | Identified the +8 quarterstaff of Grandeur {vorpal, Contam
                  | rF+ rC+ Dex+5} (Trog gifted it to you in the Dungeon)
  1555 | D        | Received a gift from Trog
  1570 | D        | Received a gift from Trog
  1593 | D        | Received a gift from Trog
  1646 | D        | HP: 1/107 [killer bee (8)]
  2021 | D        | Received a gift from Trog
  2181 | D        | Reached skill level 16 in Fighting
  2363 | D        | Noticed a cane toad
  2363 | D        | Noticed a cane toad
  2367 | D        | Killed a cane toad
  2373 | D        | Killed a cane toad
  2390 | D        | Reached skill level 10 in Dodging
  2701 | D        | Reached skill level 17 in Fighting
  2703 | D        | Received a gift from Trog
  2705 | D        | Reached XP level 11. HP: 78/117 MP: 10/10
  2833 | D        | Noticed a dire elephant
  2833 | D        | Noticed a dire elephant
  2833 | D        | Noticed Gastronok
  2847 | D        | Killed a dire elephant
  2853 | D        | Killed a dire elephant
  2854 | D        | Reached skill level 5 in Evocations
  2860 | D        | Reached skill level 18 in Fighting
  2866 | D        | Killed Gastronok
  2866 | D        | Received a gift from Trog
  3228 | D        | Noticed an azure jelly
  3228 | D        | Noticed an azure jelly
  3228 | D        | Noticed an azure jelly
  3229 | D        | Noticed an azure jelly
  3232 | D        | Noticed Rupert
  3245 | D        | Killed Rupert
  3246 | D        | Reached skill level 19 in Fighting
  3246 | D        | Reached skill level 10 in Armour
  3274 | D        | HP: 2/122 [azure jelly (6)]
  3274 | D        | Annihilated by an azure jelly

Illustrated notes

Levels and vault maps discovered:
D:        dungeon_sprint_mu [sprint_mu_entry_cave, sprint_mu_temple_rooms,
          sprint_mu_d1_spiders, sprint_mu_d2_genie, sprint_mu_d3_branching,
          sprint_mu_orc_legion, sprint_mu_elf_gauntlet, sprint_mu_hive_nellie,
          sprint_mu_lair_fedhas, sprint_mu_vaults_butterflies,
          sprint_mu_slime_circle, sprint_mu_shoals_kraken,
          sprint_mu_snake_twists, sprint_mu_blade_basic,
          sprint_mu_crypt_chambers, sprint_mu_tomb_spiral,
          sprint_mu_vestibule_basic, sprint_mu_gehenna_hellfire,
          sprint_mu_dis_giant, sprint_mu_tartarus_statrot,
          sprint_mu_cocytus_islands, sprint_mu_zot1]

Skill      XL: |  1  2  3  4  5  6  7  8  9 10 11 |
---------------+----------------------------------+-----
Fighting       | 5 6 7 8 11 12 14 15 17 19 | 19.0
Polearms       | 5 6 7 8 11 12 13 | 13.0
Armour         | 3 4 6 8 10 | 10.1
Dodging        | 3 4 5 6 7 8 10 12 | 12.5
Staves         | 2 5 7 12 15 17 18 | 18.1
Stealth        | 1 3 4 5 6 |  6.1
Evocations     | 1 2 4 5 |  5.7

Action                   |  1- 3 |  4- 6 |  7- 9 | 10-12 || total
-------------------------+-------+-------+-------+-------++-------
Melee: Spear             |    14 |       |       |       ||    14
       Headbutt          |     1 |     2 |    17 |    30 ||    50
       Quarterstaff      |       |    10 |    69 |   144 ||   223
       Glaive            |       |       |       |     1 ||     1
Invok: Berserk           |     1 |     3 |     6 |     4 ||    14
       Brothers in Arms  |       |       |     1 |     2 ||     3
Evoke: Phial of floods   |       |       |     3 |     1 ||     4
  Use: Potion            |       |     1 |     2 |     2 ||     5
       Scroll            |       |     1 |       |     1 ||     2
 Stab: Sleeping          |       |       |     2 |       ||     2
       Confused          |       |       |       |     1 ||     1
Armor: Leather armour    |       |       |     5 |    21 ||    26
Dodge: Dodged            |     4 |     3 |    33 |    95 ||   135
